 Dungeon Crawl Stone Soup version 0.19.0-2-gae57169 (webtiles) character file.

330 syranez the Chopper (level 6, -2/56 HPs)
             Began as a Hill Orc Berserker on Nov 5, 2016.
             Was a Believer of Trog.
             Slain by no0bjke's ghost (3 damage)
             ... on level 3 of the Dungeon.
             The game lasted 00:03:49 (1798 turns).

syranez the Chopper (Hill Orc Berserker)            Turns: 1798, Time: 00:03:50

Health: -2/56      AC:  7    Str: 17 (20) XL:     6   Next: 51%
Magic:  6/6        EV: 15    Int:  7 (8)  God:    Trog [**....]
Gold:   65         SH:  0    Dex: 13 (16) Spells: 0 memorised, 5 levels left

rFire  . . .     SeeInvis .     a - +0 hand axe
rCold  . . .     Gourm    +     r - +0 scale mail
rNeg   . . .     Faith    .     (no shield)
rPois  .         Spirit   .     (no helmet)
rElec  .         Reflect  .     q - +0 cloak
rCorr  .         Harm     .     (no gloves)
MR     .....                    (no boots)
Stlth  +.........               n - amulet of the gourmand
                                (no ring)
                                g - +6 ring of slaying

@: agile, exhausted
A: no striking features
a: Berserk, Trog's Hand, Burn Spellbooks, Renounce Religion


You were on level 3 of the Dungeon.
You worshipped Trog.
Trog was pleased with you.
You were completely stuffed.

You visited 1 branch of the dungeon, and saw 3 of its levels.

You collected 65 gold pieces.

Inventory:

Hand Weapons
 a - a +0 hand axe (weapon)
Missiles
 l - 3 tomahawks (quivered)
Armour
 q - a +0 cloak (worn)
 r - a +0 scale mail (worn)
Jewellery
 g - a +6 ring of slaying (left hand)
 n - an amulet of the gourmand (around neck)
Wands
 m - a wand of flame (42/48)
Scrolls
 b - a scroll of enchant armour {unknown}
 d - a scroll of fog {unknown}
 e - a scroll of remove curse
 f - a scroll of immolation {unknown}
 h - 2 scrolls of identify {unknown}
 k - 2 scrolls of teleportation {unknown}
 o - a scroll of recharging {unknown}
 p - a scroll of random uselessness {unknown}
Comestibles
 c - 4 bread rations


   Skills:
 + Level 5.1 Fighting
 + Level 6.8 Axes
 + Level 0.1 Throwing
 + Level 3.1 Armour
 + Level 2.5 Dodging
 + Level 1.3 Stealth


You had 5 spell levels left.
You didn't know any spells.

Dungeon Overview and Level Annotations

Branches:
Dungeon (3/15)

Altars:

Annotations:
D:3 no0bjke's ghost, amateur GrFi


Message History

It was a potion of degeneration.
There was something very wrong with that liquid.
You feel weakened.
You feel dopey.
You feel clumsy. No0bjke's ghost misses you.
You hit no0bjke's ghost.
No0bjke's ghost is severely damaged.
No0bjke's ghost barely misses you. No0bjke's ghost hits you!
* * * LOW HITPOINT WARNING * * *
You hit no0bjke's ghost but do no damage.
No0bjke's ghost is heavily damaged.
You feel yourself speed up. No0bjke's ghost barely misses you.
You hit no0bjke's ghost but do no damage.
No0bjke's ghost is heavily damaged.
No0bjke's ghost hits you!
* * * LOW HITPOINT WARNING * * *
As you read the scroll labeled YZE TEGUSIDAZ, it crumbles to dust.
You feel blessed for a moment.
It was a scroll of remove curse.
No0bjke's ghost hits you.
You die...

.###.####.###...........
#......................
#.#.#####...†..........
#.# #.............. #.#
##.#........... #.#
...#...........
#.########.#...........
##..........#.##.####.#
...########...##@####W#
...# #...##W#....#
...######
#...##.#....###
...'....# #...##.#..(...
...####.# ..#.##.#.(.#
...# #.#.#.#..#.#...##..
...#
#.#.###..#..........
...#
#.#.........#####...
...# #.#######...# .


You could see no0bjke's ghost.

Vanquished Creatures
  Grinder (D:3)
  Ijyb (D:2)
  5 adders
  3 worms (D:2)
  A dart slug (D:1)
  4 leopard geckos
  6 orcs (D:3)
  3 giant cockroaches
  10 goblins
  5 hobgoblins
  2 jackals (D:2)
  A quokka (D:2)
  A ball python (D:1)
  2 bats
  3 frilled lizards
  6 kobolds
  8 rats
62 creatures vanquished.

Notes
Turn   | Place    | Note
-------+----------+-------------------------------------------
     0 | D:1      | syranez the Hill Orc Berserker began the quest for the Orb.
     0 | D:1      | Reached XP level 1. HP: 19/19 MP: 1/1
    56 | D:1      | Reached XP level 2. HP: 16/27 MP: 2/2
   696 | D:2      | Reached XP level 3. HP: 33/33 MP: 3/3
   743 | D:2      | Reached ** piety under Trog
   910 | D:2      | Noticed Ijyb
   921 | D:2      | Killed Ijyb
   921 | D:2      | Reached skill level 5 in Axes
   921 | D:2      | Reached XP level 4. HP: 41/41 MP: 4/4
  1503 | D:2      | Reached XP level 5. HP: 47/47 MP: 5/5
  1758 | D:3      | Noticed Grinder
  1765 | D:3      | Killed Grinder
  1765 | D:3      | Reached skill level 5 in Fighting
  1765 | D:3      | Reached skill level 6 in Axes
  1765 | D:3      | Reached skill level 1 in Stealth
  1765 | D:3      | Reached XP level 6. HP: 56/56 MP: 6/6
  1778 | D:3      | Noticed no0bjke's ghost (amateur GrFi)
  1797 | D:3      | HP: 1/56 [no0bjke's ghost (8)]
  1798 | D:3      | Slain by no0bjke's ghost

Skill      XL: |  1  2  3  4  5 |
---------------+----------------+-----
Fighting       | 4 5 |  5.1
Dodging        | 2 |  2.5
Axes           | 5 6 |  6.8
Armour         | 3 |  3.1
Stealth        | 1 |  1.3
Throwing       | |  0.1

Action                   |  1- 3 |  4- 6 || total
-------------------------+-------+-------++-------
Melee: Hand axe          |    74 |    63 ||   137
Throw: Tomahawk          |       |     3 ||     3
Invok: Berserk           |     1 |     1 ||     2
  Use: Potion            |       |     2 ||     2
       Scroll            |       |     1 ||     1
 Stab: Sleeping          |     1 |     1 ||     2
  Eat: Chunk             |       |    20 ||    20
Armor: Animal skin       |    10 |       ||    10
       Leather armour    |    10 |     2 ||    12
       Scale mail        |       |    12 ||    12
Dodge: Dodged            |    53 |    36 ||    89
